 Dungeon Crawl Stone Soup version 0.30.1-4-g462c640d31 (webtiles) character file.

Game seed: 1837478056863201429

2153 sjcmbam the Grappler (level 9, -9/75 (85) HPs)
             Began as a Troll Berserker on Aug 25, 2023.
             Was a Believer of Trog.
             Mangled by a gnoll sergeant
             ... wielding a +3 spear of venom
              (13 damage)
             ... on level 7 of the Dungeon.
             The game lasted 00:21:12 (3652 turns).

sjcmbam the Grappler (Troll Berserker)              Turns: 3652, Time: 00:21:13

HP:   -9/75 (85)    AC:  5    Str: 31    XL:     9   Next: 10%
MP:   8/8           EV: 11    Int:  3    God:    Trog [**....]
Gold: 225           SH:  0    Dex:  9    Spells: 8/8 levels left

rFire   . .          .
                       - Unarmed
rCold   . . .        (no shield)
rNeg    . . .        a - +1 animal skin
rPois   .            (helmet restricted)
rElec   .            (no cloak)
rCorr   .            (gloves unavailable)
SInv    .            (boots unavailable)
Will    .....        (no amulet)
Stlth   ++           g - ring of flight
HPRegen 1.12/turn    (no ring)
MPRegen 0.11/turn

%: no passive effects
@: lethally poisoned (-9 -> -13), on berserk cooldown, flying, slowed, heavily
drained, very slow
A: large, unfitting armour, claws 3, regeneration 1, shaggy fur 1, tough skin 1
a: Renounce Religion, Berserk, Trog's Hand


You were on level 7 of the Dungeon.
You worshipped Trog.
Trog was pleased with you.
You visited 1 branch of the dungeon, and saw 6 of its levels.

You collected 281 gold pieces.
You spent 56 gold pieces at shops.

Inventory:

Hand Weapons
 l - a +0 flail
 p - a +0 halberd
Armour
 a - a +1 animal skin (worn)
Jewellery
 g - a ring of flight (left claw)
Scrolls
 d - 8 scrolls of identify {unknown}
 e - a scroll of vulnerability {unknown}
 h - a scroll of brand weapon {unknown}
 j - a scroll of teleportation {unknown}
 k - a scroll of fog {unknown}
 m - a scroll of noise {unknown}
Potions
 b - 3 potions of berserk rage {unknown}
 c - 2 potions of flight {unknown}
 f - 4 potions of curing {unknown}
 i - 4 potions of invisibility {unknown}
 n - a potion of degeneration {unknown}
 o - a potion of cancellation {unknown}
 q - a potion of brilliance {unknown}
 r - 2 potions of ambrosia {unknown}


   Skills:
 + Level 4.5 Fighting
 + Level 0.4 Maces & Flails
 + Level 5.3 Dodging
 + Level 1.6 Stealth
 + Level 9.6 Unarmed Combat


You had 8 spell levels left.
You didn't know any spells.
Your spell library contained the following spells:

 Spells                   Type           Power      Damage    Failure   Level
 Beastly Appendage        Tmut           0%         N/A       52%         1
 Slow                     Hex            0%         N/A       52%         1
 Wereblood                Tmut           0%         N/A       67%         2
 Confusing Touch          Hex            0%         N/A       88%         3
 Inner Flame              Hex/Fire       0%         N/A       88%         3
 Spider Form              Tmut/Pois      0%         N/A       88%         3
 Vampiric Draining        Necr           0%         2d6       88%         3
 Vhi's Electric Charge    Tloc/Air       0%         N/A       88%         3
 Flame Wave               Conj/Fire      0%         2d4       99%         4
 Sticky Flame             Conj/Fire      0%         2d3       99%         4
 Arcjolt                  Conj/Air       0%         1d10      100%        5
 Plasma Beam              Fire/Air       0%         2x1d11    100%        6


Dungeon Overview and Level Annotations

Branches:
Dungeon (7/15)
 Temple: D:4-7

Altars:
Ashenzari
Elyvilon
Fedhas
Makhleb
Qazlal
Yredelemnul

Shops:
D:2 *   D:6 *


Innate Abilities, Weirdness & Mutations

You are too large for most types of armour.
You have claws for hands.
Your natural rate of healing is unusually fast.
You are covered in fur. (AC +1)
You have tough skin. (AC +1)


Message History

You claw the gnoll!
You kill the gnoll!
Trog accepts your kill.
The gnoll hits you from afar with a +0 spear.
The gnoll barely misses you.
The gnoll sergeant hits you from afar with a +3 spear of venom.
You are poisoned.
A red film seems to cover your vision as you go berserk!
You feel yourself moving faster!
You feel mighty!
You feel very sick.
The gnoll hits you but does no damage. x2
The gnoll sergeant hits you from afar with a +3 spear of venom!
You feel a strong urge to attack something.
You feel sick.
You feel sick.
You mangle the gnoll!!
You kill the gnoll!
Trog accepts your kill.
You feel sick. The gnoll misses you.
The gnoll hits you from afar with a +0 spear.
The gnoll sergeant hits you from afar with a +3 spear of venom!
You are more poisoned.
You feel very sick.
You feel a strong urge to attack something.
You are no longer berserk.
You are exhausted.
You feel yourself slow down.
You feel sick. The gnoll barely misses you.
The gnoll hits you from afar with a +0 spear.
The gnoll sergeant hits you from afar with a +3 spear of venom!
You are more poisoned.
You feel extremely sick.
You feel very sick.
The gnoll hits you from afar with a +0 spear.
* * * LOW HITPOINT WARNING * * *
The gnoll sergeant hits you from afar with a +3 spear of venom!
* * * LOW HITPOINT WARNING * * *
The gnoll hits you with a +0 halberd of protection!
* * * LOW HITPOINT WARNING * * *
The gnoll sergeant hits you from afar with a +3 spear of venom!
You die...

######### ########.......#
############### .......#.......#
#........#..... .......#.......#
#........'.....
.##'####.......######+###'###....
.#............##..#.........#....
.#.>..........#...#.........#####
.#............#.@g#..............
.#.....[......##)##..............
##..............gg.#########.....
.......<...........#.......'.....
...................#.......#.....
<.###+###'####.....#...##..##'##.
..#..........'.....#...##..##..#.
..#..........#.....#........#..#.
..#..........#.....#.......<+..#.


You could see a gnoll sergeant and 2 gnolls.

Vanquished Creatures
  The ghost of GordonOverkill the Stinger, a novice FoWn (D:5)
  A yak (D:5)
  A steam dragon (D:7)
  An ice beast (D:6)
  A black bear (D:5)
  An orc warrior (D:5)
  An ogre (D:6)
  A phantom (D:5)
  A kobold brigand (D:7)
  2 bullfrogs
  3 scorpions
  3 wights (D:7)
  3 hounds
  6 orc priests
  An iguana (D:5)
  Natasha (D:2)
  2 orc wizards (D:5)
  Robin (D:4)
  13 gnolls
  3 adders (D:5)
  A shadow imp (D:6)
  An ufetubus (D:5)
  4 worms
  A dart slug (D:4)
  16 orcs
  2 endoplasms (D:1)
  14 goblins
  8 hobgoblins
  A jackal (D:5)
  7 kobolds
  2 quokkas
  5 ball pythons
  4 bats
  A frilled lizard (D:1)
  A rat (D:2)
115 creatures vanquished.

Notes
Turn   | Place    | Note
-------+----------+-------------------------------------------
     0 | D:1      | sjcmbam the Troll Berserker began the quest for the Orb.
     0 | D:1      | Reached XP level 1. HP: 22/22 MP: 0/0
   103 | D:1      | Reached XP level 2. HP: 29/29 MP: 1/1
   115 | D:1      | Found a faded altar of an unknown god.
   556 | D:2      | Noticed Natasha
   560 | D:2      | Killed Natasha
   561 | D:2      | Reached XP level 3. HP: 37/37 MP: 2/2
   718 | D:2      | Found Baigij's Assorted Antiques.
   726 | D:2      | Bought a scroll labelled MENTAZABLO for 28 gold pieces
   726 | D:2      | Bought a scroll labelled NIMOBA IVVIY for 28 gold pieces
   737 | D:2      | You fall into a shaft and drop 2 floors!
   753 | D:4      | Noticed Robin
   781 | D:4      | Reached ** piety under Trog
   796 | D:4      | Reached XP level 4. HP: 25/45 MP: 3/3
   798 | D:4      | Killed Robin
   908 | D:4      | Reached skill level 4 in Unarmed Combat
  1133 | D:4      | Noticed a scorpion
  1141 | D:4      | Killed a scorpion
  1142 | D:4      | Reached XP level 5. HP: 44/53 MP: 4/4
  1269 | D:4      | Reached skill level 5 in Unarmed Combat
  1273 | D:4      | Reached XP level 6. HP: 28/61 MP: 5/5
  1542 | D:5      | Entered Level 5 of the Dungeon
  1718 | D:5      | Found a transporter.
  1743 | D:5      | Reached skill level 6 in Unarmed Combat
  1752 | D:5      | Reached XP level 7. HP: 21/67 MP: 6/6
  1774 | D:5      | Noticed GordonOverkill's ghost (novice FoWn)
  1864 | D:5      | Noticed a yak
  1866 | D:5      | Found a transporter.
  2055 | D:5      | Found a stormy altar of Qazlal.
  2055 | D:5      | Found a blossoming altar of Fedhas.
  2056 | D:5      | Found a broken altar of Ashenzari.
  2066 | D:5      | Found a burning altar of Makhleb.
  2106 | D:5      | Reached skill level 1 in Stealth
  2106 | D:5      | Reached skill level 7 in Unarmed Combat
  2359 | D:5      | Killed a yak
  2360 | D:5      | Reached XP level 8. HP: 78/78 MP: 7/7
  2374 | D:5      | Killed GordonOverkill's ghost
  2375 | D:5      | Reached skill level 8 in Unarmed Combat
  2715 | D:6      | Found Axolim's General Store.
  2747 | D:6      | Found a white marble altar of Elyvilon.
  2769 | D:6      | Reached skill level 9 in Unarmed Combat
  2936 | D:7      | Reached skill level 5 in Dodging
  3036 | D:7      | Found a basalt altar of Yredelemnul.
  3351 | D:7      | Reached XP level 9. HP: 45/69 MP: 8/8
  3652 | D:7      | Mangled by a gnoll sergeant

Illustrated notes

Levels and vault maps discovered:
D:1:      sevenhm_arrival_forest_fort_large_2, layout_rooms,
          ebering_ecumenical_altar_ruins
D:2:      cheibrodos_greedy_goblins, layout_loops_ring, serial_shops,
          nicolae_shop_trees, nicolae_square_shop, nicolae_shop_peninsula, shop,
          nicolae_shop_stone, uniq_natasha
D:4:      layout_cave_pods, uniq_robin
D:5:      layout_basic, nicolae_overflow_quartered_altars,
          gammafunk_ghost_arena, guppyfry_early_orc_mine
D:6:      layout_rooms, elyvilon_altar_5, serial_shops,
          nicolae_shop_pleasant_corner_grove, uniq_crazy_yiuf_cottage
D:7:      layout_gridville, kennysheep_mini_moat, mainiacjoe_overflow_catwalk,
          minmay_temple_entry_enclosed_plants

Skill      XL: |  1  2  3  4  5  6  7  8 |
---------------+-------------------------+-----
Fighting       | 3 4 |  4.5
Dodging        | 3 4 5 |  5.3
Unarmed Combat | 4 5 6 7 9 |  9.6
Stealth        | 1 |  1.6
Maces & Flails | |  0.4

Action                     |  1- 3 |  4- 6 |  7- 9 || total
---------------------------+-------+-------+-------++-------
  Melee: Unarmed           |    74 |    79 |   118 ||   271
         Punch             |     1 |     3 |     6 ||    10
         Dire flail        |       |       |    13 ||    13
 Invoke: Berserk           |     1 |     3 |     9 ||    13
         Trog's Hand       |       |     2 |     4 ||     6
    Use: Scroll            |     3 |       |       ||     3
   Stab: Sleeping          |     1 |       |     1 ||     2
 Armour: Animal skin       |    41 |    19 |    18 ||    78
  Dodge: Dodged            |    61 |    33 |    70 ||   164
